 Dungeon Crawl Stone Soup version 0.28.0 (webtiles) character file.

Game seed: 13105606482202632538

259 lastplaneout the Slasher (level 6, -1/47 HPs)
             Began as a Human Fighter on Feb 14, 2022.
             Was a Believer of Elyvilon.
             Splashed by a jelly's acid (10 damage)
             ... on level 4 of the Dungeon.
             The game lasted 00:05:09 (2703 turns).

lastplaneout the Slasher (Human Fighter)            Turns: 2703, Time: 00:05:11

Health: -1/47      AC: -1    Str: 18    XL:     6   Next: 40%
Magic:  6/6        EV:  6    Int:  9    God:    Elyvilon [**....]
Gold:   167        SH:  4    Dex: 12    Spells: 5/5 levels left

rFire   + . .      SeeInvis .   a - +0 long sword
rCold   . . .      Faith    .   c - +0 buckler
rNeg    . . .      Spirit   .   m - +1 chain mail {rF+}
rPois   .          Reflect  .   (no helmet)
rElec   .          Harm     .   (no cloak)
rCorr   .          Rampage  .   (no gloves)
Will    .....                   (no boots)
Stlth   ..........              (no amulet)
HPRegen 0.15/turn               (no ring)
MPRegen 0.10/turn               (no ring)

@: corroded
A: no striking features
a: Renounce Religion, Purification, Heal Other


You were on level 4 of the Dungeon.
You worshipped Elyvilon.
Elyvilon was pleased with you.
You visited 1 branch of the dungeon, and saw 4 of its levels.

You collected 167 gold pieces.

Inventory:

Hand Weapons
 a - a +0 long sword (weapon)
Armour
 c - a +0 buckler (worn)
 m - a +1 chain mail of fire resistance (worn)
Scrolls
 b - a scroll of brand weapon {unknown}
 e - a scroll of torment {unknown}
 g - a scroll of fear {unknown}
 i - a scroll of enchant weapon {unknown}
 k - a scroll of teleportation {unknown}
 l - 2 scrolls of enchant armour {unknown}
Potions
 d - a potion of might
 f - a potion of degeneration {unknown}
 h - a potion of brilliance {unknown}
 j - a potion of lignification {unknown}
 n - 3 potions of magic {unknown}


   Skills:
 - Level 3.0 Fighting
 + Level 6.3 Long Blades
 - Level 3.0 Armour
 - Level 3.0 Shields


You had 5 spell levels left.
You didn't know any spells.
Your spell library contained the following spells:

 Spells                   Type           Power      Damage    Failure   Level
 Pain                     Necr           0%         1d4       100%        1
 Agony                    Necr           0%         N/A       100%        5
 Excruciating Wounds      Necr           0%         N/A       100%        5


Dungeon Overview and Level Annotations

Branches:
Dungeon (4/15)
 Temple: D:4-7

Altars:
Elyvilon
Qazlal

Shops:
D:3 *

Annotations:
D:2 Sigmund


Message History

HP restored.
Items here: ))) [[[ †.
Found 25 stones.
Found a stone staircase leading up.
Found 10 bolts.
You now have 167 gold pieces (gained 11).
You see here 25 stones.
You see here 10 bolts.
A jelly comes into view.
The jelly hits you.
You are splashed with acid!
You hit the jelly.
Your hands burn!
The jelly is moderately wounded.
The jelly hits you.
You are splashed with acid!
The jelly hits you but does no damage.
You hit the jelly.
Your hands burn!
The jelly is heavily wounded.
The jelly closely misses you.
You slash the jelly!
You kill the jelly!
You start resting.
A jelly comes into view.
A jelly is nearby!
Found 13 gold pieces.
The jelly quivers.
The jelly jiggles.
You hit the jelly but do no damage.
Your hands burn!
The jelly hits you but does no damage. The jelly completely misses you.
You slash the jelly! The acid corrodes you!
Your hands burn!
The jelly is severely wounded.
The jelly hits you but does no damage.
You hit the jelly but do no damage. The acid corrodes you!
Your hands burn!
The jelly is severely wounded.
The jelly barely misses you.
You hit the jelly but do no damage. The acid corrodes you!
Your hands burn!
* * * LOW HITPOINT WARNING * * *
The jelly is severely wounded.
The jelly hits you.
* * * LOW HITPOINT WARNING * * *
You are splashed with acid!
You die...

#.# # #.# ##.# ####
#..# #... #.## #.##
#.# # #.# #
#.############.# #
#.@J.........$.#.##
######.........#(..
#.........####
#.............
##.......#####
#.......# #.......#
####.####


You could see a jelly.

Vanquished Creatures
  A necrophage (D:3)
  A jelly (D:4)
  3 orc wizards (D:4)
  An adder (D:3)
  A worm (D:3)
  A dart slug (D:3)
  7 orcs
  3 bats (D:3)
  An endoplasm (D:2)
  2 giant cockroaches
  6 goblins
  9 hobgoblins
  6 quokkas
  3 ball pythons
  2 frilled lizards
  4 kobolds
  9 rats
60 creatures vanquished.

Notes
Turn   | Place    | Note
-------+----------+-------------------------------------------
     0 | D:1      | lastplaneout the Human Fighter began the quest for the Orb.
     0 | D:1      | Reached XP level 1. HP: 18/18 MP: 1/1
    20 | D:1      | Found a faded altar of an unknown god.
    32 | D:1      | Prayed at the altar of an unknown god.
    32 | D:1      | Became a worshipper of Elyvilon the Healer
    32 | D:1      | Reached * piety under Elyvilon
    89 | D:1      | Reached XP level 2. HP: 19/24 MP: 2/2
   417 | D:1      | Reached skill level 3 in Long Blades
   704 | D:1      | Reached XP level 3. HP: 29/29 MP: 3/3
   969 | D:2      | Noticed Sigmund
  1095 | D:2      | Found a stormy altar of Qazlal.
  1160 | D:3      | Reached ** piety under Elyvilon
  1725 | D:3      | Reached skill level 4 in Long Blades
  1725 | D:3      | Reached XP level 4. HP: 31/35 MP: 4/4
  1766 | D:3      | Noticed a necrophage
  1776 | D:3      | Killed a necrophage
  1777 | D:3      | Reached skill level 5 in Long Blades
  1777 | D:3      | Reached XP level 5. HP: 38/41 MP: 5/5
  1922 | D:3      | Found Tyagg's Assorted Antiques.
  2283 | D:2      | You fall into a shaft and drop 2 floors!
  2336 | D:4      | Reached XP level 6. HP: 42/47 MP: 6/6
  2413 | D:4      | Reached skill level 6 in Long Blades
  2703 | D:4      | Splashed by a jelly's acid

Illustrated notes

Levels and vault maps discovered:
D:1:      moated_graveyard_arrival, layout_loops_ring,
          hellmonk_ecumenical_altar_pennies_from_heaven,
          amcnicky_mini_pool_small
D:2:      layout_rooms, basic_altar, uniq_sigmund
D:3:      layout_loops_cross, serial_shops, shop, hangedman_decor_growths,
          minivault_23
D:4:      layout_loops_cross, uniq_eustachio, uniq_menkaure

Skill      XL: |  1  2  3  4  5  6 |
---------------+-------------------+-----
Long Blades    | 3 4 5 6 |  6.3
Fighting       | |  3.0
Armour         | |  3.0
Shields        | |  3.0

Action                   |  1- 3 |  4- 6 || total
-------------------------+-------+-------++-------
Melee: Long sword        |   124 |   147 ||   271
Armor: Scale mail        |    60 |       ||    60
       Chain mail        |    13 |   101 ||   114
Dodge: Dodged            |    57 |    26 ||    83
Block: Buckler           |    23 |    22 ||    45
